 Dungeon Crawl Stone Soup version bcrawl-1.41.1 (webtiles) character file.

Game seed: 6823926097513984885

193975 Yshiel the Chiller (level 8, -5/58 HPs)
             Began as a Gnoll Ice Elementalist on Apr 23, 2024.
             Was a Follower of Okawaru.
             Slain by a vampire (7 damage)
             ... on level 6 of the Dungeon.
             The game lasted 00:34:27 (6257 turns).

Yshiel the Chiller (Gnoll Ice Elementalist)         Turns: 6257, Time: 00:34:28

Health: -5/58      AC:  6    Str: 10    XL:     8   Next: 48%
Magic:  9/17       EV: 16    Int: 25    God:    Okawaru [*.....]
Gold:   443        SH:  0    Dex: 17    Spells: 18/19 levels left

rFire    . . .     GDR:     31% D - +5 dagger (protect)
rCold    . . .     SeeInvis .   (no shield)
rNeg     . . .     Gourm    .   a - +0 robe
rPois    .         Faith    .   K - +0 helmet
rElec    .         Spirit   .   (no cloak)
rCorr    .         Reflect  .   (no gloves)
MR       .....                  (no boots)
Stlth    +++.......             (no amulet)
HPRegen  0.19/turn              o - +3 ring of protection
MPRegen  0.15/turn              k - +6 ring of intelligence

@: lethally poisoned (-5 -> -12)
A: distributed training, fangs 1, strong nose
a: Heroism, Renounce Religion


You were on level 6 of the Dungeon.
You worshipped Okawaru.
Okawaru was aware of your devotion.
You were not hungry.

You visited 1 branch of the dungeon, and saw 6 of its levels.

You collected 443 gold pieces.

Inventory:

Hand Weapons
 d - a +0 dagger
 D - a +5 dagger of protection (weapon)
 E - a -2 dagger
 H - a +1 dagger of speed
Missiles
 f - 3260 stones (quivered)
 t - 101 bolts
 u - 22 poisoned tomahawks
Armour
 a - a +0 robe (worn)
 n - a +0 pair of gloves
 K - a +0 helmet (worn)
Magical Staves
 B - an uncursed staff of death {unknown}
Jewellery
 j - a +2 ring of protection
 k - a +6 ring of intelligence (right hand)
 o - a +3 ring of protection (left hand)
 w - an uncursed ring of insulation
 C - an uncursed amulet of regeneration {unknown}
Wands
 c - a wand of iceblast (15)
Scrolls
 b - a scroll of immolation
 i - 2 scrolls of identify
 m - a scroll of amnesia {unknown}
 p - a scroll of noise {unknown}
 q - 2 scrolls of teleportation
 x - a scroll of revelation {unknown}
 y - a scroll of blinking {unknown}
 F - 2 scrolls of fear {unknown}
 G - 2 scrolls of remove curse
Potions
 g - 4 potions of agility {unknown}
 h - a potion of ambrosia {unknown}
 l - a potion of might {unknown}
 r - a potion of degeneration {unknown}
 s - 3 potions of curing {unknown}
 v - a potion of lignification {unknown}
 z - a potion of brilliance {unknown}
 I - a potion of magic {unknown}
Comestibles
 e - 15 rations {!d}


   Skills:
 + Level 3.2 Fighting
 + Level 3.2 Short Blades
 + Level 3.2 Long Blades
 + Level 3.2 Axes
 + Level 3.2 Maces & Flails
 + Level 3.2 Polearms
 + Level 3.2 Staves
 + Level 3.2 Slings
 + Level 3.2 Bows
 + Level 3.2 Crossbows
 + Level 3.2 Throwing
 + Level 3.2 Armour
 + Level 5.6 Dodging
 + Level 5.6 Stealth
 + Level 3.2 Shields
 + Level 3.2 Unarmed Combat
 + Level 6.0 Spellcasting
 + Level 3.4 Conjurations
 + Level 2.6 Hexes
 + Level 2.6 Charms
 + Level 2.6 Summonings
 + Level 2.6 Necromancy
 + Level 2.6 Translocations
 + Level 2.6 Transmutations
 + Level 2.6 Fire Magic
 + Level 6.1 Ice Magic
 + Level 2.6 Air Magic
 + Level 2.6 Earth Magic
 + Level 2.6 Poison Magic
 + Level 3.5 Invocations
 + Level 3.2 Evocations


You had 18 spell levels left.
You knew the following spells:

 Your Spells              Type           Power        Failure   Level  Hunger
a - Freeze                Ice            #####.       1%          1    None

Your spell library contained the following spells:

 Spells                   Type           Power        Failure   Level  Hunger
 Throw Frost              Conj/Ice       ####..       1%          2    None
 Corpse Rot               Necr           N/A          3%          2    None
 Ozocubu's Armour         Chrm/Ice       ####....     3%          3    ##.....
 Stone Arrow              Conj/Erth      ###...       6%          3    ##.....
 Throw Icicle             Conj/Ice       ####....     11%         4    ####...
 Ice Form                 Ice/Tmut       ####....     12%         4    ####...
 Summon Ice Beast         Ice/Summ       ####....     12%         4    ####...
 Tree Form                Hex/Tmut       N/A          24%         4    ####...
 Summon Forest            Summ/Tloc      ###.......   56%         5    #####..
 Poison Arrow             Conj/Pois      ###.......   97%         6    #######
 Summon Hydra             Summ           ###.......   98%         6    #######


Dungeon Overview and Level Annotations

Branches:
Dungeon (6/12)
 Temple: D:4-7

Altars:
Dithmenos
Elyvilon
Kikubaaqudgha
Nemelex Xobeh
Okawaru
Yredelemnul
The Shining One

Annotations:
D:6 1 runed translucent door


Innate Abilities, Weirdness & Mutations

Your experience applies equally to all skills.
You have very sharp teeth.
Your uncanny sense of smell can sniff out nearby items.


Message History

Confirm with . or Enter, or press ? or * to list all spells.
Aiming: Freeze (safe; 1% risk of failure)
Press: ? - help, Shift-Dir - straight line, f - you That would be overly suicidal.
Okay, then.
Unknown command.
Casting: Freeze (safe; 1% risk of failure)
Confirm with . or Enter, or press ? or * to list all spells.
Aiming: Freeze (safe; 1% risk of failure)
Press: ? - help, Shift-Dir - straight line You freeze something.
Something barely misses you. Something closely misses you.
Casting: Freeze (safe; 1% risk of failure)
Confirm with . or Enter, or press ? or * to list all spells.
Aiming: Freeze (safe; 1% risk of failure)
Press: ? - help, Shift-Dir - straight line You freeze something but do no damage.
You feel sick. Something hits you!
* * * LOW HITPOINT WARNING * * *
Something bites you!
You die...

### ∆ #....###. ..# #.#
###...#.#.# #.# ##...
#........# ..# #...#
.......# #.# #...# ......#
..# #...# #)).#
.#######...##### #.).#
.###.........[.####.###
................@{..###...
.###...........#..$.....#
.# #####...#####.#..##..#
## #......# ###### ## ..
#.#.....#≈ ### #.#.....+≈≈
∆ # . ...#..#≈F≈ .
.#.####.##### # #.#. .#


There were no monsters in sight!

Vanquished Creatures
  A sky beast (D:4)
  A phantom (D:3)
  2 ogres (D:5)
  3 kobold brigands (D:4)
  A scorpion (D:4)
  3 orc priests
  A crimson imp (D:4)
  3 hounds (D:4)
  An orc wizard (D:6)
  An iguana (D:5)
  2 worker ants
  5 gnolls
  8 adders
  2 river rats (D:4)
  A white imp (D:3)
  2 worms (D:4)
  A dart slug (D:3)
  3 leopard geckos (D:2)
  18 orcs
  2 ball pythons (D:4)
  6 giant cockroaches
  5 goblins
  12 hobgoblins
  3 jackals
  6 quokkas
  3 bats
  2 frilled lizards (D:2)
  52 kobolds
  2 quokka skeletons (D:4)
  11 rats
163 creatures vanquished.

Notes
Turn   | Place    | Note
-------+----------+-------------------------------------------
     0 | D:1      | Yshiel the Gnoll Ice Elementalist began the quest for the
                  | Orb.
     0 | D:1      | Reached XP level 1. HP: 13/13 MP: 6/6
   165 | D:1      | Reached XP level 2. HP: 17/19 MP: 3/7
  1184 | D:2      | Reached skill level 5 in Spellcasting
  1184 | D:2      | Reached XP level 3. HP: 25/25 MP: 4/9
  1299 | D:2      | Reached skill level 1 in Invocations
  1516 | D:2      | Reached skill level 1 in Fighting
  1516 | D:2      | Reached skill level 1 in Short Blades
  1516 | D:2      | Reached skill level 1 in Long Blades
  1516 | D:2      | Reached skill level 1 in Axes
  1516 | D:2      | Reached skill level 1 in Maces & Flails
  1516 | D:2      | Reached skill level 1 in Polearms
  1516 | D:2      | Reached skill level 1 in Staves
  1516 | D:2      | Reached skill level 1 in Slings
  1516 | D:2      | Reached skill level 1 in Bows
  1516 | D:2      | Reached skill level 1 in Crossbows
  1516 | D:2      | Reached skill level 1 in Throwing
  1516 | D:2      | Reached skill level 1 in Armour
  1516 | D:2      | Reached skill level 1 in Shields
  1516 | D:2      | Reached skill level 1 in Unarmed Combat
  1516 | D:2      | Reached skill level 1 in Evocations
  1517 | D:2      | Reached XP level 4. HP: 19/32 MP: 1/11
  1943 | D:2      | Found a basalt altar of Yredelemnul.
  1943 | D:2      | Found a glowing golden altar of the Shining One.
  1946 | D:2      | Noticed an angel
  1959 | D:2      | Noticed a profane servitor
  2311 | D:3      | Reached skill level 1 in Hexes
  2311 | D:3      | Reached skill level 1 in Charms
  2311 | D:3      | Reached skill level 1 in Summonings
  2311 | D:3      | Reached skill level 1 in Necromancy
  2311 | D:3      | Reached skill level 1 in Translocations
  2311 | D:3      | Reached skill level 1 in Transmutations
  2311 | D:3      | Reached skill level 1 in Fire Magic
  2311 | D:3      | Reached skill level 1 in Air Magic
  2311 | D:3      | Reached skill level 1 in Earth Magic
  2311 | D:3      | Reached skill level 1 in Poison Magic
  2311 | D:3      | Reached XP level 5. HP: 35/37 MP: 9/12
  3188 | D:3      | Found an iron altar of Okawaru.
  3197 | D:3      | Became a worshipper of Warmaster Okawaru
  3217 | D:3      | Found a runed translucent gate.
  3217 | D:3      | Found a runed translucent gate.
  3217 | D:3      | Found a runed translucent gate.
  3236 | D:3      | Reached XP level 6. HP: 44/44 MP: 13/13
  3516 | D:4      | Found a white marble altar of Elyvilon.
  3555 | D:4      | Noticed a phantom
  3561 | D:4      | Reached skill level 5 in Dodging
  3561 | D:4      | Reached skill level 5 in Stealth
  3721 | D:3      | Killed a phantom
  3802 | D:4      | Found a shadowy altar of Dithmenos.
  3822 | D:4      | Noticed a sky beast
  3829 | D:4      | Killed a sky beast
  3830 | D:4      | Reached XP level 7. HP: 50/50 MP: 15/15
  3878 | D:4      | Reached * piety under Okawaru
  4291 | D:4      | Reached XP level 8. HP: 28/57 MP: 8/16
  4301 | D:4      | Found a sparkling altar of Nemelex Xobeh.
  5238 | D:5      | Entered Level 5 of the Dungeon
  5826 | D:5      | Found a shadowy altar of Dithmenos.
  5897 | D:5      | Found an ancient bone altar of Kikubaaqudgha.
  6226 | D:6      | Found a runed translucent door.
  6239 | D:6      | Noticed a vampire
  6257 | D:6      | HP: 2/58 [something (7)]
  6257 | D:6      | Slain by a vampire

Skill      XL: |  1  2  3  4  5  6  7  8 |
---------------+-------------------------+-----
Conjurations   | 2 3 |  3.4
Spellcasting   | 5 6 |  6.0
Invocations    | 1 2 3 |  3.5
Fighting       | 1 2 3 |  3.2
Short Blades   | 1 2 3 |  3.2
Long Blades    | 1 2 3 |  3.2
Axes           | 1 2 3 |  3.2
Maces & Flails | 1 2 3 |  3.2
Polearms       | 1 2 3 |  3.2
Staves         | 1 2 3 |  3.2
Slings         | 1 2 3 |  3.2
Bows           | 1 2 3 |  3.2
Crossbows      | 1 2 3 |  3.2
Throwing       | 1 2 3 |  3.2
Armour         | 1 2 3 |  3.2
Shields        | 1 2 3 |  3.2
Unarmed Combat | 1 2 3 |  3.2
Evocations     | 1 2 3 |  3.2
Hexes          | 1 2 |  2.6
Charms         | 1 2 |  2.6
Summonings     | 1 2 |  2.6
Necromancy     | 1 2 |  2.6
Translocations | 1 2 |  2.6
Transmutations | 1 2 |  2.6
Fire Magic     | 1 2 |  2.6
Air Magic      | 1 2 |  2.6
Earth Magic    | 1 2 |  2.6
Poison Magic   | 1 2 |  2.6
Dodging        | 5 |  5.6
Stealth        | 5 |  5.6
Ice Magic      | 6 |  6.1

Action                   |  1- 3 |  4- 6 |  7- 9 || total
-------------------------+-------+-------+-------++-------
Melee: Dagger            |    12 |    78 |    29 ||   119
       Bite              |     1 |    13 |     6 ||    20
 Cast: Freeze            |    45 |    63 |   103 ||   211
  Use: Scroll            |       |     1 |     5 ||     6
 Stab: Sleeping          |     3 |    12 |     3 ||    18
       Distracted        |       |     1 |       ||     1
  Eat: Chunk             |     3 |     8 |     6 ||    17
       Ration            |       |     1 |     1 ||     2
Armor: Robe              |    11 |    31 |    28 ||    70
Dodge: Dodged            |    28 |    98 |   106 ||   232
